 Dungeon Crawl Stone Soup version 0.24-a0-539-g6aae15eeb0 (webtiles) character file.

Game seed: 12063981236561897183

7678 Peloso the Blocker (level 10, -2/88 HPs)
             Began as a Minotaur Fighter on Aug 17, 2019.
             Was a High Priest of Okawaru.
             Slain by a two-headed ogre
             ... wielding a +0 giant club
              (21 damage)
             ... on level 9 of the Dungeon.
             The game lasted 00:22:40 (7969 turns).

Peloso the Blocker (Minotaur Fighter)               Turns: 7969, Time: 00:22:40

Health: -2/88      AC: 15    Str: 25    XL:     10   Next: 99%
Magic:  9/9        EV: 10    Int:  5    God:    Okawaru [*****.]
Gold:   142        SH: 17    Dex: 11    Spells: 9/9 levels left

rFire    . . .     SeeInvis .   a - +1 long sword (elec)
rCold    . . .     Gourm    .   c - +0 shield
rNeg     . . .     Faith    .   b - +0 chain mail
rPois    .         Spirit   .   (helmet restricted)
rElec    +         Reflect  +   n - scarf {repulsion}
rCorr    +         Harm     .   (no gloves)
MR       .....                  y - +3 pair of boots of Shielding {rElec rCorr Str+2}
Stlth    ..........             j - +4 amulet of reflection
HPRegen  0.24/turn              (no ring)
MPRegen  0.11/turn              (no ring)

@: repel missiles
A: retaliatory headbutt, horns 2
a: Heroism, Finesse, Renounce Religion


You were on level 9 of the Dungeon.
You worshipped Okawaru.
Okawaru was extremely pleased with you.
You were hungry.

You visited 2 branches of the dungeon, and saw 10 of its levels.
You also visited: Sewer.

You collected 436 gold pieces.
You spent 294 gold pieces at shops.

Inventory:

Hand Weapons
 a - a +1 long sword of electrocution (weapon)
Armour
 b - a +0 chain mail (worn)
 c - a +0 shield (worn)
 n - a scarf of repulsion (worn)
 y - the +3 pair of boots of Shielding (worn) {rElec rCorr Str+2}
   (You bought it in a shop on level 5 of the Dungeon)

   It affects your strength (+2).
   It insulates you from electricity.
   It provides partial protection from all sources of acid and corrosion.
Jewellery
 h - an uncursed amulet of guardian spirit
 j - a +4 amulet of reflection (around neck)
Wands
 u - a wand of iceblast (15)
 w - a wand of polymorph (5)
 z - a wand of clouds (5)
Scrolls
 k - 5 scrolls of remove curse
 l - 2 scrolls of blinking {unknown}
 o - 2 scrolls of magic mapping
 q - a scroll of fear {unknown}
 r - a scroll of enchant weapon {unknown}
 s - a scroll of fog {unknown}
 t - 2 scrolls of enchant armour {unknown}
 v - 3 scrolls of identify
 x - 3 scrolls of teleportation
 B - a scroll of amnesia
Potions
 d - 4 potions of might
 e - 11 potions of curing {unknown}
 g - a potion of mutation
 i - a potion of brilliance {unknown}
 m - 4 potions of heal wounds
 p - 3 potions of flight
 A - a potion of invisibility
Comestibles
 f - 17 rations
 C - 2 chunks of flesh


   Skills:
 + Level 8.3 Fighting
 + Level 10.6 Long Blades
 + Level 9.5 Armour
 + Level 4.2 Dodging
 + Level 1.1 Stealth
 + Level 12.2 Shields


You had 9 spell levels left.
You didn't know any spells.
Your spell library contained the following spells:

 Spells                   Type           Power        Failure   Level  Hunger
 Flame Tongue             Conj/Fire      #....        98%         1    ##.....
 Magic Dart               Conj           #...         98%         1    ##.....
 Blink                    Tloc           N/A          99%         2    ###....
 Call Imp                 Summ           #.......     99%         2    ###....
 Slow                     Hex            #.......     99%         2    ###....
 Throw Flame              Conj/Fire      #.....       99%         2    ###....
 Conjure Flame            Conj/Fire      #.......     100%        3    ####...
 Inner Flame              Hex/Fire       #.......     100%        3    ####...
 Mephitic Cloud           Conj/Pois/Air  #.......     100%        3    ####...
 Cause Fear               Hex            #.........   100%        4    #####..
 Sticky Flame             Conj/Fire      #.......     100%        4    #####..
 Fireball                 Conj/Fire      #.........   100%        5    ######.
 Silence                  Hex/Air        #.........   100%        5    ######.
 Yara's Violent Unravell  Hex/Tmut       #.........   100%        5    ######.
 Deflect Missiles         Chrm/Air       #.........   100%        6    #######
 Discord                  Hex            #.........   100%        8    #######


Dungeon Overview and Level Annotations

Branches:
Dungeon (9/15)             Temple (1/1) D:5            Lair (0/6) D:9
    Orc: D:9-12

Altars:
Ashenzari
Cheibriados
Dithmenos
Gozag
Nemelex Xobeh
Okawaru
Qazlal
Sif Muna
Trog
Uskayaw
Vehumet
Wu Jian
Yredelemnul
Zin
The Shining One

Shops:
D:5 [

Annotations:
D:3 2 transporters


Innate Abilities, Weirdness & Mutations

You reflexively headbutt those who attack you in melee.
You have a pair of horns on your head.


Message History

Okawaru accepts your kill.
The orc priest calls down the wrath of Beogh upon you.
Beogh smites you!
* * * LOW HITPOINT WARNING * * *
Unknown command.
Items here: ( ))) [ † A two-headed ogre comes into view.
It is wielding two +0 giant clubs.
The two-headed ogre shouts in stereo!
You block the orc priest's attack.
You hit the orc priest but do no damage.
You headbutt the orc priest.
The orc priest is moderately wounded.
The orc priest barely misses you.
You riposte.
You closely miss the orc priest.
The orc priest is moderately wounded.
You hit the orc priest.
Lightning courses through the orc priest!
You kill the orc priest!
Okawaru accepts your kill.
The two-headed ogre hits you with a +0 giant club!!
You die...

#...#...........#
#...##........... #
##..# #.P.....##) ..#
#...###....P..##.
....###...#.##.....###)
#...#..))####.).## ##
#.....## #..)## #
###..## ##...####
#@..## #.......
#O.##.## #.......
#..###..# #....... ...#
##.## ##..#.... ...#
#..###........ ##.#
##..#......#.. #.
.######.....######. .
..........#### ## ..#
..........# #.


You could see a two-headed ogre.

Vanquished Creatures
  Harold (D:7)
  A two-headed ogre (D:8)
  Pikel (D:4)
  Joseph (D:7)
  A queen bee (D:8)
  A hippogriff (D:9)
  A wyvern (D:8)
  A yak (D:9)
  Eustachio (D:4)
  2 basilisks (D:9)
  Menkaure (D:4)
  A water moccasin (D:6)
  3 ice beasts
  A sky beast (D:9)
  A black bear (D:8)
  3 orc warriors
  A phantom (D:8)
  An ogre (D:4)
  2 centaurs
  4 big kobolds
  5 bullfrogs
  A wyvern zombie (D:8)
  4 scorpions
  15 killer bees
  4 wights
  3 howler monkeys (D:9)
  6 crimson imps
  A jelly (D:4)
  A quasit (D:9)
  Crazy Yiuf (D:6)
  4 orc priests
  6 hounds
  12 orc wizards
  A centaur skeleton (D:8)
  6 worker ants
  3 iguanas
  A hound zombie (D:6)
  A hound skeleton (D:5)
  2 worker ant zombies
  Robin (D:2)
  12 adders
  6 river rats (Sewer)
  5 gnolls
  An ooze (Sewer)
  5 worms
  A dart slug (D:1)
  7 leopard geckos
  37 orcs
  5 ball pythons
  4 bats
  4 giant cockroaches
  12 goblins
  12 hobgoblins
  17 jackals
  34 kobolds
  3 quokkas
  7 frilled lizards
  A jackal skeleton (D:4)
  A quokka zombie (D:7)
  24 rats
305 creatures vanquished.

Vanquished Creatures (others)
  A slave (D:4)
  An orc wizard (D:4)
  A worker ant (D:4)
  2 adders (D:4)
  A ball python (D:4)
  A kobold (D:6)
7 creatures vanquished.

Grand Total: 312 creatures vanquished

Notes
Turn   | Place    | Note
-------+----------+-------------------------------------------
     0 | D:1      | Peloso the Minotaur Fighter began the quest for the Orb.
     0 | D:1      | Reached XP level 1. HP: 19/19 MP: 0/0
    71 | D:1      | Reached XP level 2. HP: 22/27 MP: 1/1
    89 | D:1      | Reached skill level 4 in Shields
   578 | D:2      | Reached XP level 3. HP: 33/33 MP: 2/2
   629 | D:1      | Reached XP level 4. HP: 41/41 MP: 3/3
  1035 | D:2      | Noticed Robin
  1045 | D:2      | Killed Robin
  1045 | D:2      | Reached skill level 1 in Dodging
  1108 | D:2      | Reached XP level 5. HP: 38/47 MP: 4/4
  1236 | D:2      | Found a faded altar of an unknown god.
  1703 | D:3      | Found a glowing golden altar of the Shining One.
  1760 | D:3      | Found a transporter.
  1778 | D:3      | Found a transporter.
  2055 | D:4      | Noticed Pikel
  2055 | D:4      | Noticed a slave
  2055 | D:4      | Noticed a slave
  2055 | D:4      | Noticed a slave
  2055 | D:4      | Noticed a slave
  2055 | D:4      | Noticed Menkaure
  2061 | D:4      | Killed Menkaure
  2061 | D:4      | Reached skill level 5 in Shields
  2061 | D:4      | Reached XP level 6. HP: 22/55 MP: 5/5
  2069 | D:4      | Killed Pikel
  2069 | D:4      | Reached skill level 5 in Fighting
  2069 | D:4      | Reached skill level 5 in Long Blades
  2069 | D:4      | Reached skill level 5 in Armour
  2069 | D:4      | Reached XP level 7. HP: 26/61 MP: 6/6
  2116 | D:4      | Reached skill level 6 in Shields
  2182 | D:4      | Reached skill level 1 in Stealth
  2294 | D:4      | Noticed Eustachio
  2305 | D:4      | Killed Eustachio
  2340 | D:4      | Found a glowing drain.
  2369 | Sewer    | Entered a sewer
  2863 | Sewer    | Reached skill level 7 in Shields
  2882 | Sewer    | Reached XP level 8. HP: 63/68 MP: 7/7
  4043 | D:5      | Entered Level 5 of the Dungeon
  4348 | D:5      | Reached skill level 8 in Shields
  4471 | D:5      | Found Nasovo's Antique Armour Shoppe.
  4663 | D:5      | Found a staircase to the Ecumenical Temple.
  4669 | Temple   | Entered the Ecumenical Temple
  4763 | Temple   | Became a worshipper of Warmaster Okawaru
  5034 | D:6      | Reached * piety under Okawaru
  5039 | D:6      | Reached skill level 9 in Shields
  5120 | D:6      | Reached XP level 9. HP: 75/78 MP: 8/8
  5143 | D:6      | Found a runed translucent door.
  5144 | D:6      | Noticed Crazy Yiuf
  5458 | D:6      | Killed Crazy Yiuf
  5496 | D:5      | Found a radiant altar of Vehumet.
  5546 | D:5      | Bought a pair of brightly glowing boots for 294 gold pieces
  5552 | D:5      | Identified the +3 pair of boots of Shielding {rElec rCorr
                  | Str+2} (You bought it in a shop on level 5 of the Dungeon)
  5569 | D:7      | Found a hide-covered altar of Uskayaw.
  5569 | D:7      | Found a snail-covered altar of Cheibriados.
  5569 | D:7      | Found a shattered altar of Ashenzari.
  5569 | D:7      | Found a stormy altar of Qazlal.
  5569 | D:7      | Found an opulent altar of Gozag.
  5624 | D:7      | Noticed Joseph
  5638 | D:7      | Killed Joseph
  5638 | D:7      | Reached ** piety under Okawaru
  5704 | D:7      | Noticed Harold
  5728 | D:7      | Killed Harold
  5728 | D:7      | Reached *** piety under Okawaru
  5728 | D:7      | Reached skill level 10 in Shields
  5747 | D:7      | Reached XP level 10. HP: 14/86 MP: 9/9
  6767 | D:8      | Found a sparkling altar of Nemelex Xobeh.
  6767 | D:8      | Noticed a two-headed ogre
  6782 | D:8      | Killed a two-headed ogre
  6782 | D:8      | Reached **** piety under Okawaru
  6782 | D:8      | Reached skill level 11 in Shields
  6974 | D:8      | Reached skill level 10 in Long Blades
  7116 | D:8      | Reached ***** piety under Okawaru
  7826 | D:9      | Found a staircase to the Lair.
  7836 | D:9      | Received a gift from Okawaru
  7840 | D:9      | Reached skill level 12 in Shields
  7878 | D:9      | Got a transparent great sword {god gift}
  7882 | D:9      | Identified the +8 great sword of Nuezysof {freeze, Int+3}
                  | (Okawaru gifted it to you on level 9 of the Dungeon)
  7914 | D:9      | Found a shadowy altar of Dithmenos.
  7965 | D:9      | Noticed a two-headed ogre
  7969 | D:9      | Slain by a two-headed ogre

Levels and vault maps discovered:
D:1:      sevenhm_arrival_forest_fort_large_2, layout_rooms,
          minmay_misc_feat_rows, minmay_stone_trees_small
D:2:      layout_rooms, chequers_ecumenical_altar_island,
          minmay_misc_feat_hallway, minmay_ruptured, uniq_robin
D:3:      gammafunk_wand_slinger, layout_basic, tso_oasis_becter, first_ration
D:4:      minmay_chambers_of_threes, layout_basic, portal_sewer_entry_f,
          serial_co_window_serial, co_window_of_opportunity_a,
          co_window_paths_a, co_window_paths_a, co_window_paths_b,
          co_window_corner_a, co_window_paths_c, co_window_of_opportunity_c,
          co_window_2corner, co_window_paths_d, glass_columns_b,
          glass_columns_c, glass_columns_a, glass_columns_a, glass_columns_a,
          uniq_pikel, uniq_eustachio, uniq_menkaure
D:5:      layout_loops_ring, nicolae_overflow_hidden_temple,
          minmay_temple_entry_fiery, serial_shops, shop
D:6:      layout_cave_pools, uniq_crazy_yiuf_cottage
D:7:      layout_basic, grunt_temple_overflow_open, uniq_harold, uniq_joseph
D:8:      layout_gridville, old_standard_altar, david_nohive_1
D:9:      minmay_s_stair_smasher, layout_layer_cave, overflow_temple_1_default,
          david_lair_generic, uniq_grum
Temple:   nicolae_temple_figure_eight

Skill      XL: |  1  2  3  4  5  6  7  8  9 10 |
---------------+-------------------------------+-----
Shields        | 4 5 7 9 10 12 | 12.2
Fighting       | 4 5 6 7 8 |  8.3
Armour         | 4 5 6 7 8 9 |  9.5
Long Blades    | 3 4 5 6 7 9 10 | 10.6
Dodging        | 1 2 3 4 |  4.2
Stealth        | 1 |  1.1

Action                   |  1- 3 |  4- 6 |  7- 9 | 10-12 || total
-------------------------+-------+-------+-------+-------++-------
Melee: Long sword        |    48 |   129 |   347 |   232 ||   756
       Headbutt          |     5 |    19 |    61 |    41 ||   126
  Use: Scroll            |       |     7 |       |     1 ||     8
       Potion            |       |     5 |       |     1 ||     6
  Eat: Chunk             |       |     3 |    13 |     7 ||    23
Armor: Scale mail        |    31 |    64 |     3 |       ||    98
       Chain mail        |       |       |   181 |   115 ||   296
Dodge: Dodged            |    22 |    41 |   105 |    98 ||   266
       Deflected         |       |       |     3 |       ||     3
Block: Shield            |    31 |   112 |   374 |   266 ||   783
       Reflection        |       |     4 |     4 |     8 ||    16
       Rpst.: Long sword |     7 |    10 |    20 |    30 ||    67

Table legend:
 A = Non-vault XP
 B = Vault XP
 C = Vault XP percentage of total XP
 D = Non-vault monster count
 E = Vault monster count
 F = Vault count percentage of total count
                 A         B        C        D         E       F
            +---------+---------+-------+---------+---------+-------
      Total |    6203 |    4766 |  43.4 |     207 |      98 |  32.1
            +---------+---------+-------+---------+---------+-------
        D:1 |      95 |       0 |   0.0 |      17 |       0 |   0.0
        D:2 |      82 |      36 |  30.5 |      25 |      13 |  34.2
        D:3 |      70 |       0 |   0.0 |      23 |       0 |   0.0
        D:4 |     305 |     761 |  71.4 |      12 |      13 |  52.0
        D:5 |     826 |       0 |   0.0 |      35 |       0 |   0.0
        D:6 |    1101 |      41 |   3.6 |      24 |       1 |   4.0
        D:7 |     784 |    1899 |  70.8 |      30 |       9 |  23.1
        D:8 |    2077 |     805 |  27.9 |      19 |       9 |  32.1
        D:9 |     863 |     857 |  49.8 |      22 |       5 |  18.5
      Sewer |       0 |     367 | 100.0 |       0 |      48 | 100.0
            +---------+---------+-------+---------+---------+-------
